 Dungeon Sprint DCSS version 0.29-a0-923-g6e406bff71 (webtiles) character file.

Game seed: 5580727385668521513

4580 Hipnos the Eclecticist (level 10, 0/52 HPs)
             Began as a Deep Elf Fire Elementalist on July 27, 2022.
             Was a Priest of Vehumet.
             Slain by a centaur warrior (8 damage)
             ... in the Dungeon (Sprint II: "The Violet Keep of Menkaure").
             The game lasted 00:13:03 (990 turns).

Hipnos the Eclecticist (Deep Elf Fire Elementalist)  Turns: 990, Time: 00:13:04

Health: 0/52       AC:  5    Str:  5    XL:     10   Next: 18%
Magic:  25/33      EV: 16    Int: 25    God:    Vehumet [***...]
Gold:   120        SH:  0    Dex: 15    Spells: 30/44 levels left

rFire   + . .      SeeInvis .   (no weapon)
rCold   x . .      Faith    .   (no shield)
rNeg    . . .      Spirit   .   a - +0 robe
rPois   .          Reflect  .   (no helmet)
rElec   .          Harm     .   (no cloak)
rCorr   .          Rampage  .   i - +2 pair of gloves
Will    ++...      NoTele   +   (no boots)
Stlth   ++++......              (no amulet)
HPRegen 0.17/turn               h - ring "Naommieg" {Fire Will+}
MPRegen 0.23/turn               (no ring)

@: no status effects
A: no striking features
a: Renounce Religion


You were in the Dungeon.
You worshipped Vehumet.
Vehumet was most pleased with you.
You visited 1 branch You collected 818 gold pieces.
You spent 698 gold pieces at shops.

Inventory:

Armour
 a - a +0 robe (worn)
 i - a +2 pair of gloves (worn)
Jewellery
 h - the ring "Naommieg" (left hand) {Fire Will+}
   (You bought it in a shop in the Dungeon)

   [ring of fire]

   It enhances your fire magic.
   rF:        It protects you from fire.
   rC:        It makes you vulnerable to cold.
   Will:      It increases your willpower.
Scrolls
 g - a scroll of blinking
Potions
 b - a potion of magic
 c - a potion of curing
 e - a potion of haste
 f - a potion of berserk rage


   Skills:
 + Level 1.5 Fighting
 + Level 9.1 Dodging
 + Level 8.4 Stealth
 + Level 17.6 Spellcasting
 + Level 10.0 Conjurations
 + Level 16.6 Fire Magic


You had 30 spell levels left.
You knew the following spells:

 Your Spells              Type           Power      Damage    Failure   Level
a - Foxfire               Conj/Fire      100%       2x1d9     0%          1
b - Scorch                Fire           100%       2d10      0%          2
c - Conjure Flame         Conj/Fire      93%        6-21      1%          3
d - Inner Flame           Hex/Fire       77%        N/A       1%          3
e - Flame Wave            Conj/Fire      93%        2d20      1%          4
f - Freeze                Ice            88%        1d10      1%          1

Your spell library contained the following spells:

 Spells                   Type           Power      Damage    Failure   Level
 Searing Ray              Conj           100%       2d8       1%          2


Dungeon Overview and Level Annotations

Branches:
Dungeon (1/1)

Altars:
Cheibriados
Dithmenos
Elyvilon
Fedhas
Gozag
Hepliaklqana
Kikubaaqudgha
Makhleb
Nemelex Xobeh
Okawaru
Qazlal
Ru
Sif Muna
Trog
Uskayaw
Vehumet
Wu Jian
Xom
Yredelemnul
Zin
The Shining One
Jiyva
Lugonu

Shops:
D :[!?[[(:?===(![

Annotations:
D exclusions: obsidian statue and oklob plant


Message History

The centaur warrior shoots an arrow.
The arrow hits you!!
* * * LOW HITPOINT WARNING * * *
You feel much better.
The kobold demonologist hits you with a +0 dagger.
Casting: Scorch (safe; 0% risk of failure)
Confirm with . or Enter, or press ? or * to list all spells.
Casting: Flame Wave (safe; 1% risk of failure)
Press: ? - help, Dir - look around, f - activate You feel a surge of power!
A wave of flame ripples out!
The flame wave engulfs the kobold demonologist!!
The kobold demonologist is burned terribly!
You kill the kobold demonologist!
Vehumet accepts your kill.
Vehumet is now aiding your destructive spells.
You feel your power returning. (Press . to intensify the flame waves.)
The centaur warrior unwields a +0 shortbow.
The centaur warrior barely misses you. The centaur warrior kicks you.
Your Conjurations skill increases to level 10!
A wave of flame ripples out!
The flame wave engulfs the centaur warrior!!
The centaur warrior is heavily wounded.
The centaur warrior hits you!
The centaur warrior kicks you but does no damage.
A wave of flame ripples out!
The flame wave engulfs the centaur warrior!!
The centaur warrior is severely wounded.
You finish channelling waves of flame.
The centaur warrior hits you!
* * * LOW HITPOINT WARNING * * *
The centaur warrior kicks you.
* * * LOW HITPOINT WARNING * * *
Casting: Flame Wave (safe; 1% risk of failure)
Confirm with . or Enter, or press ? or * to list all spells.
You feel a surge of power!
Flames lash the centaur warrior.
The centaur warrior is almost dead.
The centaur warrior's fire resistance burns away.
The centaur warrior closely misses you.
The centaur warrior kicks you but does no damage.
The centaur warrior hits you!
You die...

##§≈○≈≈≈≈## ##≈S≈§○≈≈≈≈## #
+≈≈≈§§§§≈≈§≈# Y####≈≈≈≈°§○≈≈
z§§## ≈≈§§≈
###########≈≈#+++#+++##
##########≈≈).........#
#....∩.∩.#≈≈)≈.##c##..#
#...∩.∩..#≈§≈≈##@..##.#### +.##.
#..∩.∩...#§≈§≈#..#..#....# ...#
#.⌠.∩....#≈§####...####..## #..#
#..∩.∩...#§##.###'## .##..# +..#
#...∩.∩..#≈#.#.##)##B..#..# #..#
#....∩...'≈'###†.<.+# +..####..#
#.....∩.∩#≈#.#.##.##.B.#....###^.
▓▓▓▓▓▓▓###≈##.###'# .##......≈≈≈
#)hh######≈≈####†.#####≈≈.§...≈#'


You could see a centaur warrior (combustible).

Vanquished Creatures
  Kirke (D)
  A yaktaur captain (D)
  A skeletal warrior (D)
  An elephant (D)
  A merfolk siren (D)
  A kobold demonologist (D)
  A yaktaur (D)
  A hornet (D)
  3 polar bears (D)
  2 wyverns (D)
  Menkaure (D)
  A hell rat (D)
  3 worms (D)
18 creatures vanquished.

Vanquished Creatures (others)
  A water moccasin (D)
  66 foxfires (D)
  4 tentacles (D)
71 creatures vanquished.

Grand Total: 89 creatures vanquished

Notes
Turn   | Place    | Note
-------+----------+-------------------------------------------
     0 | D        | Hipnos the Deep Elf Fire Elementalist began the quest for
                  | the Orb.
     0 | D        | Reached XP level 1. HP: 10/10 MP: 6/6
     1 | D        | Noticed a boulder beetle
     1 | D        | Noticed a boulder beetle
     5 | D        | Noticed a merfolk siren
    36 | D        | Killed a merfolk siren
    37 | D        | Reached skill level 5 in Stealth
    37 | D        | Reached skill level 9 in Spellcasting
    37 | D        | Reached skill level 10 in Fire Magic
    37 | D        | Reached XP level 2. HP: 15/15 MP: 5/14
    37 | D        | Reached XP level 3. HP: 19/19 MP: 5/15
    37 | D        | Reached XP level 4. HP: 24/24 MP: 5/17
    37 | D        | Reached XP level 5. HP: 28/28 MP: 5/18
    37 | D        | Reached XP level 6. HP: 32/32 MP: 5/20
    40 | D        | Learned a level 2 spell: Scorch
    44 | D        | Learned a level 3 spell: Conjure Flame
    48 | D        | Learned a level 3 spell: Inner Flame
    53 | D        | Learned a level 4 spell: Flame Wave
   111 | D        | Killed a water moccasin
   151 | D        | Noticed an obsidian statue
   213 | D        | Noticed a wyvern
   213 | D        | Noticed a wyvern
   218 | D        | Killed a wyvern
   219 | D        | Reached skill level 10 in Spellcasting
   220 | D        | Killed a wyvern
   221 | D        | Reached XP level 7. HP: 19/36 MP: 7/23
   372 | D        | Found Kente's Magic Scroll Boutique.
   372 | D        | Found Pinos's Book Shop.
   372 | D        | Found Mepei's Jewellery Shop.
   372 | D        | Found Tyoso's Distillery.
   372 | D        | Found Vumin's Antique Weapon Boutique.
   373 | D        | Found Gyczaz's Armour Shop.
   373 | D        | Found Dyfy's Weapon Boutique.
   373 | D        | Found Kuarphe's Jewellery Shop.
   373 | D        | Found Cuyji's Armour Boutique.
   373 | D        | Found Sual's Antique Armour Shop.
   373 | D        | Found Yconobam's Magic Scroll Boutique.
   374 | D        | Found Hoclubynt's Distillery.
   374 | D        | Found Hemon's Antique Armour Boutique.
   375 | D        | Found Ofuqioro's Jewellery Shop.
   375 | D        | Noticed Menkaure
   378 | D        | Killed Menkaure
   379 | D        | Reached skill level 11 in Spellcasting
   379 | D        | Reached skill level 5 in Conjurations
   381 | D        | Noticed an oklob plant
   381 | D        | Noticed a wyvern
   382 | D        | Found Zehet's Book Shoppe.
   382 | D        | Noticed a wyvern
   386 | D        | Noticed a wyvern
   389 | D        | Bought the ring "Naommieg" {Fire Will+} for 526 gold pieces
   395 | D        | Bought a pair of embroidered gloves for 172 gold pieces
   477 | D        | Found a snail-covered altar of Cheibriados.
   477 | D        | Found a hazy altar of Hepliaklqana.
   478 | D        | Found a shadowy altar of Dithmenos.
   478 | D        | Found a viscous altar of Jiyva.
   479 | D        | Found a white marble altar of Elyvilon.
   479 | D        | Found an ancient bone altar of Kikubaaqudgha.
   479 | D        | Found a sacrificial altar of Ru.
   479 | D        | Found a stormy altar of Qazlal.
   480 | D        | Found a blossoming altar of Fedhas.
   480 | D        | Found a corrupted altar of Lugonu.
   480 | D        | Found a shimmering blue altar of Sif Muna.
   480 | D        | Found an ornate altar of the Wu Jian Council.
   481 | D        | Found an opulent altar of Gozag.
   481 | D        | Found a burning altar of Makhleb.
   481 | D        | Found a bloodstained altar of Trog.
   481 | D        | Found a shimmering altar of Xom.
   482 | D        | Found a sparkling altar of Nemelex Xobeh.
   482 | D        | Found a hide-covered altar of Uskayaw.
   483 | D        | Found a basalt altar of Yredelemnul.
   484 | D        | Found an iron altar of Okawaru.
   484 | D        | Found a radiant altar of Vehumet.
   484 | D        | Found a glowing silver altar of Zin.
   484 | D        | Noticed a hornet
   484 | D        | Noticed a polar bear
   485 | D        | Found a glowing golden altar of the Shining One.
   485 | D        | Noticed a yaktaur
   495 | D        | Noticed a flying skull
   495 | D        | Noticed a flying skull
   498 | D        | Became a worshipper of Vehumet
   512 | D        | Noticed a polar bear
   513 | D        | Noticed a polar bear
   518 | D        | Killed a polar bear
   519 | D        | Reached skill level 12 in Spellcasting
   522 | D        | Killed a polar bear
   523 | D        | Reached XP level 8. HP: 19/41 MP: 4/26
   524 | D        | Killed a yaktaur
   524 | D        | Reached * piety under Vehumet
   524 | D        | Offered knowledge of Freeze by Vehumet.
   524 | D        | Killed a polar bear
   525 | D        | Reached skill level 13 in Spellcasting
   525 | D        | Killed a hornet
   526 | D        | Reached skill level 14 in Spellcasting
   528 | D        | Learned a level 1 spell: Freeze
   531 | D        | Noticed an ice statue
   783 | D        | Noticed a kraken
   946 | D        | Noticed Kirke
   946 | D        | Noticed a kobold demonologist
   947 | D        | Noticed a yaktaur captain
   949 | D        | Noticed a skeletal warrior
   949 | D        | Noticed an elephant
   953 | D        | Killed Kirke
   953 | D        | Reached ** piety under Vehumet
   953 | D        | Offered knowledge of Searing Ray by Vehumet.
   954 | D        | Reached skill level 1 in Fighting
   954 | D        | Reached skill level 15 in Spellcasting
   954 | D        | Reached skill level 15 in Fire Magic
   954 | D        | Reached XP level 9. HP: 47/47 MP: 15/30
   955 | D        | Killed a skeletal warrior
   956 | D        | Reached skill level 16 in Spellcasting
   957 | D        | Killed a yaktaur captain
   957 | D        | Killed an elephant
   958 | D        | Reached skill level 17 in Spellcasting
   958 | D        | Reached XP level 10. HP: 24/52 MP: 24/33
   985 | D        | Noticed a centaur warrior
   987 | D        | Reached *** piety under Vehumet
   988 | D        | Reached skill level 10 in Conjurations
   990 | D        | Slain by a centaur warrior

Illustrated notes

Levels and vault maps discovered:
D:        the_violet_keep_of_menkaure [sprint2_stairs_cluster_1,
          sprint2_shoproom, sprint2_temple, sprint2_basic_supplies,
          sprint2_obstacle_3, sprint2_obstacle_2, sprint2_obstacle_5,
          sprint2_obstacle_7, sprint2_obstacle_4, sprint2_timed_cluster_1,
          sprint2_smallroom_cluster_1, sprint2_smallroom_final_cluster_1,
          sprint2_transparent_cluster_1, sprint2_second_timed_cluster_1,
          sprint2_sniper_area_1, sprint2_heavy_combat_area_1,
          sprint2_mutation_trap_area_1, sprint2_forest_area_1,
          sprint2_light_combat_area_1, sprint2_behind_water_1,
          sprint2_near_end_vault_1]

Skill      XL: |  1  2  3  4  5  6  7  8  9 10 |
---------------+-------------------------------+-----
Dodging        | 6 7 8 9 |  9.1
Stealth        | 5 6 7 8 |  8.4
Spellcasting   | 9 10 12 15 17 | 17.6
Conjurations   | 3 4 6 8 9 10 | 10.0
Fire Magic     | 10 12 13 15 16 | 16.6
Fighting       | 1 |  1.5

Action                   |  1- 3 |  4- 6 |  7- 9 | 10-12 || total
-------------------------+-------+-------+-------+-------++-------
 Cast: Foxfire           |    14 |    12 |    13 |       ||    39
       Flame Wave        |       |     2 |     6 |     1 ||     9
       Scorch            |       |     2 |     3 |     2 ||     7
  Use: Potion            |     2 |       |       |     1 ||     3
Armor: Robe              |       |       |     3 |     2 ||     5
Dodge: Dodged            |     1 |     5 |     8 |     2 ||    16

Table legend: (Time is in decaauts)
 A = Elapsed time spent in this place.
 B = Non-inter-level travel time spent in this place.
 C = Inter-level travel time spent in this place.
 D = Time resting spent in this place.
 E = Time spent auto-exploring this place.
 F = Levels seen in this place.
 G = Mean time per level.
                   A        B        C        D        E       F      G
               +--------+--------+--------+--------+--------+-----+--------+
         Total |   1046 |   1046 |      0 |    572 |      0 |   1 | 1046.0 |
       Dungeon |   1046 |   1046 |      0 |    572 |      0 |   1 | 1046.0 |
               +--------+--------+--------+--------+--------+-----+--------+

Top non-repeatable levels by time:
       D: 1046 daAuts
